Map: Rhoskallian LE

Players

DXM - Winner!

  • Race: Zerg Zerg
  • League: Diamond
  • Spawn Location: 12:00

LeChove - Winner!

  • Race: Zerg Zerg
  • League: Diamond
  • Spawn Location: 11:00

Massa

  • Race: Terran Terran
  • League: Platinum
  • Spawn Location: 6:00

qqq

  • Race: Protoss Protoss
  • League: Platinum
  • Spawn Location: 5:00

VOD

Have the link to the VOD?

Description

Time

  • Played on: Dec. 9, 2020, 12:35 p.m.
  • Length: 7:57
Show
View Real Time Build Order
Export as new Build Order

DXM Zerg - Winner!

Build Orders: Hatch First, Roach Nydus 

Get SALT Encoding   

  12  0:01  Drone  
  13  0:13  Overlord  
  13  0:21  Drone  
  14  0:35  Drone x3  
  17  0:57  Hatchery  
  16  1:09  Drone  
  17  1:15  Spawning Pool  
  16  1:19  Drone  
  16  1:22  Extractor  
  16  1:24  Drone  
  17  1:28  Drone  
  18  1:46  Drone x2  
  20  1:55  Overlord  
  21  2:13  Drone, Queen  
  24  2:16  Extractor  
  23  2:24  Drone  
  23  2:26  Hatchery  
  23  2:27  Drone, Roach Warren  
  23  2:37  Drone  
  23  2:49  Drone  
  24  2:54  Lair  
  24  3:00  Overlord  
  24  3:08  Roach  
  26  3:21  Roach  
  26  3:23  Roach  
  26  3:24  Roach x2  
  34  3:30  Roach  
  38  3:41  Roach  
  38  3:46  Queen  
  40  3:56  Nydus Network  
  40  3:57  Drone  
  40  4:01  Roach  
  42  4:04  Overlord  
  42  4:08  Drone  
  43  4:22  Queen  
  45  4:26  Drone x2  
  45  4:30  Drone  
  48  4:36  Roach  
  50  4:40  Nydus Canal  
  50  4:45  Drone  
  51  5:09  Overlord x3  
  51  5:21  Nydus Canal  
  51  5:23  Drone  
  51  5:25  Overlord  
  48  5:53  Nydus Canal  
  48  5:54  Drone  
  48  5:55  Drone x5  
  54  5:58  Hydralisk Den  
  54  5:59  Queen  
  55  6:08  Nydus Canal  
  55  6:12  Roach x6  
  55  6:13  Roach  
  69  6:25  Roach x3  
  75  6:27  Drone x4  
  77  6:41  Drone  
  77  6:42  Extractor  
  77  6:44  Extractor, Hydralisk  
  78  6:53  Queen x2  
  82  7:01  Nydus Canal  
  80  7:07  Overseer  
  80  7:19  Nydus Canal  
  80  7:20  Drone  
  80  7:21  Drone x3  
  84  7:23  Overlord  
  84  7:24  Overlord x3  
  84  7:34  Nydus Canal  
Show
View Real Time Build Order
Export as new Build Order

LeChove Zerg - Winner!

Build Orders: Hatch First 

Get SALT Encoding   

  12  0:00  Drone  
  13  0:08  Drone  
  14  0:18  Overlord  
  14  0:37  Drone x3  
  17  0:49  Drone  
  18  1:01  Hatchery  
  17  1:20  Drone x3, Extractor  
  17  1:25  Spawning Pool  
  18  2:02  Drone x3  
  21  2:13  Queen  
  23  2:16  Queen  
  25  2:26  Zergling x4  
  27  2:36  Zergling x2  
  25  3:10  Overlord x2  
  25  3:20  Extractor  
  24  3:30  Drone x2  
  24  3:32  Drone  
  24  3:33  Drone x2  
  29  3:35  Lair  
  29  3:51  Drone x4  
  29  3:52  Drone x2  
  35  4:07  Drone  
  36  4:14  Metabolic Boost  
  36  4:17  Spore Crawler  
  36  4:20  Spore Crawler  
  34  4:28  Drone x2  
  34  4:30  Overlord x2  
  36  4:38  Nydus Network  
  35  4:40  Baneling Nest  
  35  4:43  Zergling x4  
  33  5:06  Drone x8  
  28  5:29  Zergling x10  
  28  5:30  Zergling x4  
  28  5:33  Nydus Canal  
  35  5:37  Zergling x2  
  36  5:44  Zergling x8  
  36  5:47  Overseer  
  40  5:50  Zergling x2  
  35  6:14  Spore Crawler  
  34  6:24  Zergling x16  
  41  6:32  Zergling x2  
  41  6:39  Zergling x4  
  43  6:49  Overseer  
  43  6:56  Queen  
  41  7:07  Nydus Canal  
  36  7:32  Nydus Canal  
  36  7:34  Overlord  
  36  7:35  Zergling x12  
Show
View Real Time Build Order
Export as new Build Order

Massa Terran 

Build Orders: 2 Factory, Hellion Opening 

Get SALT Encoding   

  12  0:00  SCV  
  13  0:12  SCV  
  14  0:17  Refinery  
  14  0:26  Supply Depot  
  14  0:29  SCV  
  15  0:47  SCV  
  15  0:49  Barracks  
  16  0:59  SCV  
  17  1:11  SCV  
  18  1:23  SCV  
  19  1:37  Supply Depot  
  19  1:38  Factory, Marine  
  20  1:44  Orbital Command  
  20  2:14  Factory  
  20  2:16  Barracks Tech Lab, Supply Depot  
  20  2:20  SCV  
  21  2:32  SCV  
  22  2:48  Hellion  
  22  2:50  Barracks Reactor  
  24  2:51  Supply Depot  
  24  2:55  SCV  
  25  3:00  Hellion  
  25  3:02  Infernal Pre-Igniter  
  27  3:09  Hellion  
  29  3:13  Supply Depot  
  29  3:17  Supply Depot  
  29  3:34  Hellion x2  
  33  3:35  Hellion  
  35  3:55  Hellion x2  
  39  3:57  Hellion  
  41  4:16  Widow Mine, Command Center  
  41  4:17  Widow Mine  
  45  4:18  Widow Mine  
  47  4:28  SCV  
  48  4:32  Barracks Tech Lab  
  48  4:40  SCV  
  41  5:29  Orbital Command  
  41  5:30  SCV  
  41  5:32  Marauder, Siege Tank  
  41  5:33  Widow Mine x2  
  51  5:43  SCV  
  47  5:53  Marauder  
  47  5:55  Widow Mine x2, SCV  
  44  6:04  Widow Mine  
  42  6:14  Marauder  
  42  6:16  Widow Mine  
  37  6:28  Widow Mine x2  
  37  6:32  Barracks x3  
  37  6:34  Barracks  
  37  6:37  Widow Mine  
  16  7:15  Hellion x2  
  16  7:20  Marine  
  14  7:23  Orbital Command  
Show
View Real Time Build Order
Export as new Build Order

qqq Protoss 

Build Orders:  

Get SALT Encoding   

  12  0:00  Probe  
  13  0:15  Pylon  
  13  0:18  Probe  
  14  0:31  Probe  
  15  0:37  Forge  
  15  1:05  Pylon  
  15  1:13  Probe  
  16  1:25  Probe  
  17  1:37  Probe  
  18  1:58  Pylon  
  18  2:06  Photon Cannon  
  18  2:09  Photon Cannon  
  18  2:21  Photon Cannon  
  18  2:25  Photon Cannon  
  18  2:29  Photon Cannon  
  18  2:31  Photon Cannon  
  18  2:32  Pylon  
  18  2:39  Probe  
  18  2:51  Photon Cannon  
  19  3:20  Probe, Nexus  
  19  3:22  Assimilator  
  19  3:25  Gateway  
  19  3:26  Assimilator  
  19  3:32  Probe, Pylon  
  20  3:44  Probe  
  21  3:56  Probe  
  21  3:58  Photon Cannon  
  22  4:08  Probe (Chrono Boost)  
  23  4:17  Cybernetics Core  
  23  4:19  Probe (Chrono Boost), Pylon  
  24  4:24  Probe (Chrono Boost)  
  25  4:34  Probe  
  26  4:42  Probe  
  27  4:46  Probe  
  28  4:54  Probe  
  28  4:58  Probe  
  30  5:06  Probe  
  31  5:11  Stargate  
  31  5:14  Probe  
  31  5:18  Probe  
  33  5:27  Probe  
  34  5:30  Probe  
  35  5:39  Probe  
  30  5:42  Probe  
  24  5:51  Probe  
  24  5:54  Stargate  
  24  6:03  Probe  
  29  6:06  Assimilator  
  29  6:11  Assimilator  
  29  6:15  Probe  
  30  6:34  Stalker  
  32  7:03  Void Ray (Chrono Boost)  
  32  7:04  Stalker  
  33  7:26  Probe  
  36  7:38  Probe  
  37  7:50  Pylon  
Tags
 
Add a new tag
Caveats
  • Supply blocks, unpowered buildings, or Contaminate may cause inaccurate times.
  • Supply counts are checked every 10 seconds.